Cogmind - Beta 13 X1 @@@ ROGUE MODE // 2023.11.09 @ 09:19:46 Player: Sandwich Result: Self-destructed Performance ------------- Evolutions (8) 4000 Regions Visited (13) 2600 Robots Destroyed (88) 440 Value Destroyed (3711) 3711 Prototype IDs (8) 160 Alien Tech Used (0) 0 Bonus (107) 107 TOTAL SCORE: 11018 Bonus ------- High Alert Combat Kills 185 Follower Combat Kills 613 Friendly Fire -691 Cogmind --------- Core Integrity 1103/1450 Matter 300/300 Energy 100/100 System Corruption 3% Temperature Cool (0) Movement Walking (79) Location -2/Research Parts ------- > --- POWER (2) -------- (None) > --- PROPULSION (8) --- Centrium Exoskeleton > --- UTILITY (9) ------ Advanced Heat Sink Large Storage Unit Advanced Signal Interpreter Advanced Salvage Targeting Computer Advanced Target Analyzer Improved System Shield > --- WEAPON (4) ------- (None) > --- INVENTORY (15) --- Enhanced Armored Heavy Treads Enhanced Armored Heavy Treads Enhanced Armored Heavy Treads Enhanced Armored Heavy Treads Advanced Heat Sink Huge Storage Unit Energy Well (176) Advanced Targeting Computer Graphene Brace Phasing Sabre Lance Peak State ------------ > --- POWER ------------ Quantum-Neutrino Reactor > --- PROPULSION ------- Centrium Exoskeleton > --- UTILITY ---------- Armored Scrap Engine Advanced Heat Sink Experimental Heat Sink Advanced Cooling System Large Storage Unit Advanced Salvage Targeting Computer System Shield Improved System Shield > --- WEAPON ----------- Kinetic HMG Construct/G Directed Nova Construct/G Hpw. EM Gamma Construct/G Energy Quantum Construct/G > --- INVENTORY -------- Advanced Heat Sink Huge Storage Unit Improved Sensor Array Advanced Signal Interpreter Advanced Targeting Computer Advanced Target Analyzer Graphene Brace Phasing Sabre Centrium Greatsword Centrium Greatsword Centrium Greatsword Lance [Rating: 137] Favorites ----------- Power Constructs Engine Ion Engine Reactor Constructs Propulsion Constructs Treads Light Treads Leg Constructs Wheel Subdweller Monowheel Utility Armored Scrap Engine Device Armored Scrap Engine Storage Huge Storage Unit Processor Advanced Salvage Targeting Computer Hackware Improved System Shield Protection Core Shielding Weapon Constructs Energy Gun Constructs Ballistic Gun Constructs Launcher Rocket Launcher Special Weapon Multitool Slashing Weapon Centrium Greatsword Piercing Weapon Lance Build | -11 -10 -10 -10 -9 -7 -7 -7 -6 -5 -4 -4 -3 -2 ------- Run | Jun Mat Min Sub Rec Fac Was Fac Fac Fac Fac Ext Res Res Slots Evolved 16 | . . . . . 6 . . 2 2 2 . 2 2 Power 1 | . . . . . . . . . . . . 1 . Propulsion 6 | . . . . . 2 . . 1 1 . . . 2 Utility 7 | . . . . . 2 . . 1 1 2 . 1 . Weapon 2 | . . . . . 2 . . . . . . . . Parts Attached 55 | 6 1 4 8 4 2 1 2 3 3 4 2 5 10 Power 2 | 1 . 1 . . . . . . . . . . . Engine 2 | 1 . 1 . . . . . . . . . . . Core . | . . . . . . . . . . . . . . Reactor . | . . . . . . . . . . . . . . Propulsion 8 | 2 . 2 3 1 . . . . . . . . . Treads 2 | 1 . 1 . . . . . . . . . . . Leg . | . . . . . . . . . . . . . . Wheel 6 | 1 . 1 3 1 . . . . . . . . . Hover . | . . . . . . . . . . . . . . Flight . | . . . . . . . . . . . . . . Utility 31 | 1 1 . 1 1 2 . 2 3 3 4 2 3 8 Device 11 | . . . . . 1 . 1 . 2 . 2 2 3 Storage 5 | 1 . . 1 . . . 1 1 . . . 1 . Processor 3 | . . . . . . . . . . 1 . . 2 Hackware 8 | . . . . . . . . 2 1 2 . . 3 Protection 4 | . 1 . . 1 1 . . . . 1 . . . Artifact . | . . . . . . . . . . . . . . Weapon 14 | 2 . 1 4 2 . 1 . . . . . 2 2 Energy Gun . | . . . . . . . . . . . . . . Energy Cannon . | . . . . . . . . . . . . . . Ballistic Gun 5 | 2 . . 1 2 . . . . . . . . . Ballistic Cannon . | . . . . . . . . . . . . . . Launcher 5 | . . 1 2 . . 1 . . . . . 1 . Special Weapon 1 | . . . 1 . . . . . . . . . . Impact Weapon . | . . . . . . . . . . . . . . Slashing Weapon 2 | . . . . . . . . . . . . . 2 Piercing Weapon 1 | . . . . . . . . . . . . 1 . Special Melee Weapon . | . . . . . . . . . . . . . . Unidentified Prototypes 2 | . . . . . . . . . 1 . . . 1 Corrupted Parts 1 | . . . . . . . . . 1 . . . . System Corruption 3 | . . . . . . . . . 3 . . . . Parts Lost 39 | . . 3 3 . . 1 1 2 1 . 2 8 18 Power 3 | . . 1 . . . . . . . . . . 2 Propulsion 5 | . . 2 2 . . . . . . . . . 1 Utility 13 | . . . . . . 1 . 1 1 . 1 2 7 Weapon 18 | . . . 1 . . . 1 1 . . 1 6 8 Highest Loss Streak 7 | . . 2 1 . . 1 1 1 1 . 1 4 7 To Critical Strikes . | . . . . . . . . . . . . . . Average Slot Usage (%) 66 | . 97 94 98 97 62 66 55 65 63 59 61 61 53 Engine 3 | . 14 11 14 14 7 7 . . 2 . . . . Core 2 | . . . . . . . 3 6 2 5 3 . 1 Reactor 1 | . . . . . . . 3 . . . 1 3 1 Treads 2 | . 14 13 8 . . 2 . . . . 1 2 . Leg 1 | . . . . . . 1 4 . . 2 3 . . Wheel 5 | . 14 11 19 28 14 8 3 . . . . . 1 Flight 1 | . . . . . . . . 5 5 2 . 1 . Device 10 | . . . . . 7 7 14 13 11 10 16 18 13 Storage 7 | . 14 14 14 14 7 7 7 6 5 5 5 8 4 Processor 1 | . . . . . . . . . . 5 5 4 6 Hackware 3 | . . . . . . . . 5 10 5 8 4 6 Protection 3 | . 12 14 14 14 4 4 . . . 5 . . . Energy Gun 3 | . . . . . . . 3 10 11 5 5 5 3 Energy Cannon 2 | . . . . . 2 . 2 2 5 5 5 4 . Ballistic Gun 9 | . 28 18 15 23 18 22 5 6 5 3 3 2 9 Ballistic Cannon 1 | . . . . . . . 5 5 . 2 . . . Launcher 1 | . . 9 11 2 . 1 . . . . . . . Naked Turns . | . . . . . . . . . . . . . . Heaviest Build 107 | 13 14 16 97 94 103 107 106 45 45 57 56 66 62 Greatest Support 166 | 20 10 20 40 40 36 58 64 108 108 108 166 166 163 Greatest Overweight (x) 9 | 1 1 1 9 4 2 5 3 . . . . . . Average Overweight (x) . | . 1 . 4 2 2 2 1 . . . . . . Largest Inventory Capacity 25 | 8 8 8 25 25 25 25 25 15 15 15 15 15 15 Average Capacity 19 | 6 8 8 24 25 25 25 24 14 15 15 15 15 15 Most Carried 21 | 3 3 8 19 21 18 11 12 12 15 15 15 14 15 Average Carried 11 | 1 3 6 13 19 13 10 9 10 11 13 13 13 11 Final Capacity 25 | 8 8 8 25 25 25 25 8 15 15 15 15 15 15 Final Carried 20 | 3 3 7 19 20 11 11 8 12 15 13 15 12 15 Scrap Engine Consumption 359 | . . . . . 20 9 52 59 55 12 47 68 37 Constructs Created 15 | . . . . . 3 . 3 1 . . 1 4 3 Constructs Modified 86 | . . . . . 1 4 16 12 5 6 15 6 21 Class Distribution -------------------- 44% | Construct 18% | Mutant 18% | Hacker-Construct 5% | Commander-Mutant Dominant Class ---------------- Mutant | -10/Materials Mutant | -10/Mines Mutant | -10/Subcaves Subdweller-Mutant | -9/Recycling Commander-Mutant | -7/Factory Subdweller-Tank | -7/Waste Construct | -7/Factory Construct | -6/Factory Hacker-Construct | -5/Factory Construct | -4/Factory Hacker-Construct | -4/Extension Construct | -3/Research Hacker-Construct | -2/Research Resources | -11 -10 -10 -10 -9 -7 -7 -7 -6 -5 -4 -4 -3 -2 ----------- Run | Jun Mat Min Sub Rec Fac Was Fac Fac Fac Fac Ext Res Res Matter Collected 2413 | 213 . 171 201 108 20 364 395 282 132 21 205 116 185 Remotely . | . . . . . . . . . . . . . . Salvage Created 5042 | . . 129 216 49 . 1145 626 415 285 43 571 980 583 Parts 209 | . . 7 13 . . 18 24 32 16 6 21 36 36 Haulers Intercepted . | . . . . . . . . . . . . . . Recyclers Shooed 1 | . . . . . . . 1 . . . . . . Parts Field Recycled . | . . . . . . . . . . . . . . Retrieved Matter . | . . . . . . . . . . . . . . Parts Self-Destructed 5 | . . . 5 . . . . . . . . . . Prevented . | . . . . . . . . . . . . . . Kills | -11 -10 -10 -10 -9 -7 -7 -7 -6 -5 -4 -4 -3 -2 ------- Run | Jun Mat Min Sub Rec Fac Was Fac Fac Fac Fac Ext Res Res Combat Hostiles Destroyed 72 | . . 8 8 1 . 4 11 9 4 4 6 11 6 Melee 6 | . . . . . . . . . . . . 4 2 Guns 27 | . . 3 1 1 . 2 4 5 3 . 2 3 3 Cannons 19 | . . . . . . . 7 3 1 3 2 3 . AOE 16 | . . 5 7 . . 2 . . . 1 . 1 . Classes Destroyed 20 | . . 3 2 1 . 5 3 2 1 . 1 1 1 Worker 4 | . . . . . . . 3 1 . . . . . Builder 4 | . . . . . . 2 . . . . 1 . 1 Tunneler 1 | . . . . . . 1 . . . . . . . Recycler 4 | . . . . . . 1 1 . . . 1 1 . Turret 2 | . . . 2 . . . . . . . . . . Watcher 1 | . . . . . . . . . . . . . 1 Swarmer 14 | . . 3 2 . . . 3 2 . 4 . . . Cutter 2 | . . . . . . . . 2 . . . . . Saboteur 1 | . . . . . . . . . . . . 1 . Grunt 20 | . . 3 1 . . 1 4 1 . . 2 8 . Brawler 1 | . . . . 1 . . . . . . . . . Duelist 1 | . . . . . . . . . . . 1 . . Protector 1 | . . . . . . 1 . . . . . . . Sentry 9 | . . . . . . . 1 2 2 . 1 2 1 Hunter 4 | . . . . . . . . . 2 . . . 2 Programmer 9 | . . . . . . . 3 1 . . 2 . 3 Heavy 1 | . . . . . . . . 1 . . . . . Compactor 4 | . . . . . . 4 . . . . . . . Subdweller 5 | . . . 5 . . . . . . . . . . Assembled 2 | . . 2 . . . . . . . . . . . Best Kill Streak 5 | . . 3 3 1 . 3 3 4 2 4 3 5 3 Combat Bots Only 4 | . . 3 3 1 . 3 3 3 2 4 2 4 3 Max Kills in Single Turn 3 | . . 3 2 1 . 3 1 1 1 2 2 1 1 Gunslinging . | . . . . . . . . . . . . . . Exploded 3 | . . 3 2 . . 1 . . . 1 . 1 . Melee 1 | . . . . . . . . . . . . 1 1 Uniques/NPCs Destroyed . | . . . . . . . . . . . . . . Combat | -11 -10 -10 -10 -9 -7 -7 -7 -6 -5 -4 -4 -3 -2 -------- Run | Jun Mat Min Sub Rec Fac Was Fac Fac Fac Fac Ext Res Res Damage Taken 12319 | . 191 229 384 . 53 168 1119 894 395 133 454 1742 6557 Core 841 | . 18 45 60 . . 43 106 5 65 . 17 135 347 Absorbed by Shields 142 | . . . . . 6 . . . . . . 81 55 Redirected to Shielding 20 | . 4 5 11 . . . . . . . . . . Regen/Repaired (Parts) 3994 | . . . . . . 64 395 351 278 320 299 248 2039 Core Remaining (%) 86 | 100 . . . 50 . . 78 99 93 . 98 89 . Volleys Fired 233 | . . 15 15 1 . 25 46 25 12 5 36 25 28 Largest 4 | . . 2 1 2 . 4 3 4 4 3 3 4 4 Hottest 316 | . . 40 40 60 . 123 204 172 162 219 251 251 316 Shots Fired 626 | . . 23 15 2 . 89 105 100 48 12 71 62 99 Gun 424 | . . 18 4 2 . 77 47 72 36 5 29 35 99 Cannon 172 | . . . . . . . 58 28 12 7 42 25 . Launcher 30 | . . 5 11 . . 12 . . . . . 2 . Special . | . . . . . . . . . . . . . . Kinetic 343 | . . 18 11 2 . 84 75 42 12 10 29 8 52 Thermal 141 | . . . . . . 5 . 26 24 . 6 34 46 Explosive 11 | . . 5 4 . . . . . . . . 2 . Electromagnetic 131 | . . . . . . . 30 32 12 2 36 18 1 Robot Hit Streak 20 | . . 3 5 1 . 16 11 20 14 6 11 12 12 Robot Miss Streak 7 | . . 4 2 1 . 7 6 3 2 6 5 4 4 Penetration Max 1 | . . . . . . . 1 . . . 1 . 1 Secondary Targets 1 | . . . . . . . . . . . . . 1 Max Gunslinging Chain 1 | . . . . . . . . . . . . . 1 Shots Hit Robots 432 | . . 10 7 1 . 65 76 65 37 7 37 52 75 Core Hits 233 | . . 10 17 1 . 31 37 28 19 11 22 36 21 Critical Kills . | . . . . . . . . . . . . . . Critical Parts Destroyed 2 | . . . . . . . 1 . . . . . 1 Critical Strikes 8 | . . . . . . . 1 . . . . 3 4 Burn 3 | . . . . . . . . . . . . 1 2 Destroy 2 | . . . . . . . 1 . . . . . 1 Sever 1 | . . . . . . . . . . . . . 1 Impale 2 | . . . . . . . . . . . . 2 . Melee Attacks 29 | . . . . . . . . . . . . 12 17 Impact . | . . . . . . . . . . . . . . Slashing 13 | . . . . . . . . . . . . . 13 Piercing 16 | . . . . . . . . . . . . 12 4 Sneak Attacks 1 | . . . . . . . . . . . . 1 . Combat Hostiles . | . . . . . . . . . . . . . . Follow-up Attacks . | . . . . . . . . . . . . . . Damage Inflicted 13435 | . . 481 832 16 . 2289 1522 1108 683 414 1500 2128 2462 Guns 5948 | . . 91 54 16 . 1019 464 797 543 26 430 676 1832 Cannons 3174 | . . . . . . . 1058 311 140 155 825 685 . Explosions 3302 | . . 390 778 . . 1270 . . . 233 245 386 . Melee 1011 | . . . . . . . . . . . . 381 630 Ramming . | . . . . . . . . . . . . . . Kinetic 6549 | . . 91 549 16 . 2202 1293 471 196 92 534 163 942 Thermal 2778 | . . . . . . 87 . 304 347 233 294 673 840 Explosive 1059 | . . 390 283 . . . . . . . . 386 . Electromagnetic 2038 | . . . . . . . 229 333 140 89 672 525 50 Impact . | . . . . . . . . . . . . . . Slashing 477 | . . . . . . . . . . . . . 477 Piercing 534 | . . . . . . . . . . . . 381 153 Highest Corruption 5 | . . . . . . . 5 . 4 . 1 . 3 Average Corruption 2 | . . . . . . . 3 . 3 . 1 . 1 Corruption Purged . | . . . . . . . . . . . . . . Corruption Blocked . | . . . . . . . . . . . . . . Effects 48 | . . . . . . . 29 . 8 . 5 . 6 Message Errors 17 | . . . . . . . 8 . 3 . 3 . 3 Matter Fused 13 | . . . . . . . 9 . 2 . . . 2 Heat Flow Errors 9 | . . . . . . . 6 . 1 . 1 . 1 Energy Discharges 1 | . . . . . . . . . 1 . . . . Data Loss (minor) 4 | . . . . . . . 3 . 1 . . . . Data Loss (major) 1 | . . . . . . . 1 . . . . . . Alerts 3 | . . . . . . . 2 . . . 1 . . Overload Shots . | . . . . . . . . . . . . . . Overflow Damage 128 | . . 52 33 . . 1 . 4 . 5 10 23 . Projectiles 33 | . . . . . . . . 4 . 5 10 14 . Explosions 95 | . . 52 33 . . 1 . . . . . 9 . Melee . | . . . . . . . . . . . . . . Knockbacks 42 | . . . . . . . 28 6 . 1 7 . . Impact . | . . . . . . . . . . . . . . Kinetic 38 | . . . . . . . 25 5 . 1 7 . . Secondary 4 | . . . . . . . 3 1 . . . . . Self-Inflicted Damage 308 | . . 76 59 . . 84 . . . 26 . 63 . Shots 9 | . . 2 1 . . 3 . . . 1 . 2 . Rammed . | . . . . . . . . . . . . . . Targets Rammed . | . . . . . . . . . . . . . . Kicked . | . . . . . . . . . . . . . . Crushed . | . . . . . . . . . . . . . . Highest Temperature 309 | . . . . . . 309 274 121 182 116 220 79 70 Average Temperature 67 | . . . . . . 103 73 28 62 59 60 37 36 Received Heat Transfer 1223 | . 105 . 147 . . . 312 75 18 . 48 367 151 Siege Activations . | . . . . . . . . . . . . . . Robots Corrupted 3 | . . . . . . . . 1 . . 2 . . Combat Hostiles 3 | . . . . . . . . 1 . . 2 . . Parts Fried 10 | . . . . . . . . . 1 . 3 6 . Impact Corruptions . | . . . . . . . . . . . . . . Robots Melted 1 | . . . . . . . . . . . . . 1 Combat Hostiles 1 | . . . . . . . . . . . . . 1 Parts Melted 11 | . . . . . . . . . 3 1 . 2 5 Heat Transferred 4072 | . . . . . . 325 . 250 500 300 187 1400 1110 Parts Sabotaged . | . . . . . . . . . . . . . . Parts Stolen . | . . . . . . . . . . . . . . Parts Stripped . | . . . . . . . . . . . . . . Power Chain Reactions 1 | . . . . . . . . . . 1 . . . Missiles Intercepted . | . . . . . . . . . . . . . . Alert | -11 -10 -10 -10 -9 -7 -7 -7 -6 -5 -4 -4 -3 -2 ------- Run | Jun Mat Min Sub Rec Fac Was Fac Fac Fac Fac Ext Res Res Peak Influence 677 | . 20 181 . 165 84 46 126 267 260 373 550 677 396 Initial 378 | . . 7 . 136 69 14 4 37 130 29 182 192 378 Average 159 | . 5 85 . 152 55 12 35 65 153 98 349 565 300 Maximum Alert Level 2 | . . . . . . . . 1 1 1 2 2 1 Low Security (%) 68 | 100 100 100 . 100 100 100 100 93 71 78 6 4 2 Level 1 24 | . . . . . . . . 6 28 21 85 5 97 Level 2 7 | . . . . . . . . . . . 7 90 . Level 3 . | . . . . . . . . . . . . . . Level 4 . | . . . . . . . . . . . . . . Level 5 . | . . . . . . . . . . . . . . High Security . | . . . . . . . . . . . . . . Max Security . | . . . . . . . . . . . . . . Squads Dispatched 31 | . 2 . . . . . 5 7 3 1 2 5 6 Investigation 2 | . . . . . . . 1 . . 1 . . . Extermination 7 | . . . . . . . 3 1 . . . . 3 Reinforcement 13 | . 2 . . . . . 1 3 . . 2 2 3 Assault 2 | . . . . . . . . . . . . 2 . Garrison 7 | . . . . . . . . 3 3 . . 1 . Intercept . | . . . . . . . . . . . . . . Searches Triggered . | . . . . . . . . . . . . . . Construction Impeded 1 | . . . . . . . . . . . . 1 . Haulers Reinforced 1 | . . . . . . . . . . . . 1 . Active Scanning Responses . | . . . . . . . . . . . . . . Cargo Convoy Interrupts . | . . . . . . . . . . . . . . Stealth | -11 -10 -10 -10 -9 -7 -7 -7 -6 -5 -4 -4 -3 -2 --------- Run | Jun Mat Min Sub Rec Fac Was Fac Fac Fac Fac Ext Res Res Distress Signals 6 | . . . . . . . 2 . . . 1 1 2 Communications Jammed . | . . . . . . . . . . . . . . Distress Signals . | . . . . . . . . . . . . . . Times Spotted 181 | . 5 21 17 1 2 6 19 13 5 4 11 34 43 Peak Tracking Total 18 | . 5 10 3 1 1 3 4 4 2 5 4 11 18 Tactical Retreats 20 | . . 1 3 . . . . 1 . 1 2 4 8 Traps | -11 -10 -10 -10 -9 -7 -7 -7 -6 -5 -4 -4 -3 -2 ------- Run | Jun Mat Min Sub Rec Fac Was Fac Fac Fac Fac Ext Res Res Traps Triggered 10 | . . . 1 . 1 . 3 . 3 . . 2 . Indirectly . | . . . . . . . . . . . . . . Trap Hack Attempts . | . . . . . . . . . . . . . . Triggered . | . . . . . . . . . . . . . . Disarmed . | . . . . . . . . . . . . . . Reprogrammed . | . . . . . . . . . . . . . . Reused . | . . . . . . . . . . . . . . Traps Extracted . | . . . . . . . . . . . . . . Installed . | . . . . . . . . . . . . . . Triggered 2 | . . . 2 . . . . . . . . . . Machines | -11 -10 -10 -10 -9 -7 -7 -7 -6 -5 -4 -4 -3 -2 ---------- Run | Jun Mat Min Sub Rec Fac Was Fac Fac Fac Fac Ext Res Res Machines Disabled 19 | . . . 4 . . . 2 3 . 5 3 2 . Max in Single Turn 4 | . . . 4 . . . 1 2 . 3 2 . . Energy Cycler 5 | . . . . . . . . . . . 5 . . Machines Repaired . | . . . . . . . . . . . . . . Machines Sabotaged . | . . . . . . . . . . . . . . Overloaded Fab Kills . | . . . . . . . . . . . . . . Hacking | -11 -10 -10 -10 -9 -7 -7 -7 -6 -5 -4 -4 -3 -2 --------- Run | Jun Mat Min Sub Rec Fac Was Fac Fac Fac Fac Ext Res Res Machines Accessed 13 | . 1 1 . 1 1 . 1 5 . 1 2 . . Terminals 12 | . 1 1 . 1 1 . 1 4 . 1 2 . . Fabricators . | . . . . . . . . . . . . . . Repair Stations . | . . . . . . . . . . . . . . Recycling Units . | . . . . . . . . . . . . . . Scanalyzers . | . . . . . . . . . . . . . . Garrison Access 1 | . . . . . . . . 1 . . . . . Total Hacks 23 | . 3 2 . 3 1 . 1 7 . 3 3 . . Successful 8 | . 1 . . 1 . . . 4 . 1 1 . . Failed 15 | . 2 2 . 2 1 . 1 3 . 2 2 . . Catastrophic 4 | . . 1 . 1 . . . 2 . . . . . Database Lockouts . | . . . . . . . . . . . . . . Manual 9 | . 3 1 . 3 1 . 1 . . . . . . Terminals 21 | . 3 2 . 3 1 . 1 5 . 3 3 . . Fabricators . | . . . . . . . . . . . . . . Repair Stations . | . . . . . . . . . . . . . . Recycling Units . | . . . . . . . . . . . . . . Scanalyzers . | . . . . . . . . . . . . . . Garrison Access 2 | . . . . . . . . 2 . . . . . Terminal Hacks 7 | . . . . 1 . . . 4 . 1 1 . . Open Door 2 | . . . . . . . . . . 1 1 . . Open DSF 2 | . . . . . . . . 2 . . . . . Level Access Points 1 | . . . . . . . . 1 . . . . . Branch Access Points 1 | . . . . 1 . . . . . . . . . Zone Layout 1 | . . . . . . . . 1 . . . . . Fabricator Hacks . | . . . . . . . . . . . . . . Repair Station Hacks . | . . . . . . . . . . . . . . Recycling Unit Hacks . | . . . . . . . . . . . . . . Scanalyzer . | . . . . . . . . . . . . . . Garrison Access Hacks . | . . . . . . . . . . . . . . Unauthorized Hacks 1 | . 1 . . . . . . . . . . . . Terminals 1 | . 1 . . . . . . . . . . . . Botnet 1 | . 1 . . . . . . . . . . . . Fabricators . | . . . . . . . . . . . . . . Repair Stations . | . . . . . . . . . . . . . . Recycling Units . | . . . . . . . . . . . . . . Scanalyzers . | . . . . . . . . . . . . . . Garrison Access . | . . . . . . . . . . . . . . Data Cores Recovered . | . . . . . . . . . . . . . . Used . | . . . . . . . . . . . . . . Hacking Detections 11 | . 1 1 . 1 1 . . 4 . 1 2 . . Full Trace Events 1 | . . . . . . . . . . 1 . . . Feedback Events . | . . . . . . . . . . . . . . Feedback Blocked . | . . . . . . . . . . . . . . Robot Schematics Acquired . | . . . . . . . . . . . . . . Robots Built . | . . . . . . . . . . . . . . Authchips . | . . . . . . . . . . . . . . Time . | . . . . . . . . . . . . . . Total Robot Build Rating . | . . . . . . . . . . . . . . Part Schematics Acquired . | . . . . . . . . . . . . . . Parts Built . | . . . . . . . . . . . . . . Authchips . | . . . . . . . . . . . . . . Time . | . . . . . . . . . . . . . . Total Part Build Rating . | . . . . . . . . . . . . . . Parts Repaired . | . . . . . . . . . . . . . . Time . | . . . . . . . . . . . . . . Parts Recycled . | . . . . . . . . . . . . . . Recycled Matter . | . . . . . . . . . . . . . . Retrieved Matter . | . . . . . . . . . . . . . . Retrieved Components . | . . . . . . . . . . . . . . Parts Scanalyzed . | . . . . . . . . . . . . . . Part Schematics Acquired . | . . . . . . . . . . . . . . Parts Damaged . | . . . . . . . . . . . . . . Bothacking | -11 -10 -10 -10 -9 -7 -7 -7 -6 -5 -4 -4 -3 -2 ------------ Run | Jun Mat Min Sub Rec Fac Was Fac Fac Fac Fac Ext Res Res Used RIF Installer . | . . . . . . . . . . . . . . Robots Hacked . | . . . . . . . . . . . . . . Non-combat . | . . . . . . . . . . . . . . Combat . | . . . . . . . . . . . . . . Robot Hacks Applied . | . . . . . . . . . . . . . . Relay Couplers Released . | . . . . . . . . . . . . . . Fabnet Peak Effective % . | . . . . . . . . . . . . . . Robots Rewired 16 | . . . . 12 . . . . . . 4 . . Allies Hacked . | . . . . . . . . . . . . . . Hacks Repelled . | . . . . . . . . . . . . . . Allies | -11 -10 -10 -10 -9 -7 -7 -7 -6 -5 -4 -4 -3 -2 -------- Run | Jun Mat Min Sub Rec Fac Was Fac Fac Fac Fac Ext Res Res Total Allies 24 | . . 1 . 12 . . . . . . 11 . . Largest Group 12 | . . 1 1 12 12 6 . . . . 9 9 . Highest-Rated Group 407 | . . 31 31 117 117 62 . . . . 407 407 . Highest-Rated Ally 51 | . . 31 31 27 27 27 . . . . 51 51 . Total Orders . | . . . . . . . . . . . . . . Ally Attacks 226 | . . 6 10 . 23 82 . . . . 31 74 . Total Damage 3261 | . . 41 123 . 96 592 . . . . 755 1654 . Kills 21 | . . 2 1 . 2 . . . . . 3 13 . Allies Corrupted . | . . . . . . . . . . . . . . Allies Melted 1 | . . . . . . . . . . . 1 . . Intel | -11 -10 -10 -10 -9 -7 -7 -7 -6 -5 -4 -4 -3 -2 ------- Run | Jun Mat Min Sub Rec Fac Was Fac Fac Fac Fac Ext Res Res Robot Analysis Total . | . . . . . . . . . . . . . . Derelict Logs Recovered 3 | . . 2 1 . . . . . . . . . . Drone Launches . | . . . . . . . . . . . . . . Drone Recoveries . | . . . . . . . . . . . . . . Exploration | -11 -10 -10 -10 -9 -7 -7 -7 -6 -5 -4 -4 -3 -2 ------------- Run | Jun Mat Min Sub Rec Fac Was Fac Fac Fac Fac Ext Res Res Turns Passed 8505 | 58 65 446 819 340 572 301 2040 730 650 215 575 554 1140 Spaces Moved 6324 | 43 55 367 477 150 158 117 945 972 924 202 563 334 1017 Core 6 | 6 . . . . . . . . . . . . . Treads 710 | 6 . 33 . . . 54 . 22 . . 139 258 198 Legs 1527 | . . . . . . 22 615 . . 155 424 . 311 Wheels 1794 | 31 55 334 477 150 158 41 236 . . . . . 312 Hover 248 | . . . . . . . 52 . . . . . 196 Flight 2039 | . . . . . . . 42 950 924 47 . 76 . Fastest Speed 34 | 50 95 95 100 130 170 145 42 42 42 42 42 34 34 Average Speed 85 | 92 95 101 156 130 170 151 167 42 42 42 42 37 73 Slowest Speed 229 | 160 95 160 215 150 170 170 229 42 42 42 42 42 173 Overloaded Moves . | . . . . . . . . . . . . . . Propulsion Burnouts . | . . . . . . . . . . . . . . Robots Hopped 5 | . . . . . . . . 4 1 . . . . Cave-ins Triggered . | . . . . . . . . . . . . . . Exploration Rate (%) 29 | 4 13 91 34 26 3 72 26 17 25 6 64 10 25 Regions Visited 13 Branch Regions 4 Pre-discovered Areas 1 | . . . 1 . . . . . . . . . . Known Exits Taken 1 | . . . . . . . . 1 . . . . . Unknown Exits Taken 10 | 1 1 1 1 1 . . 1 . 1 1 1 1 . Scrap Searched 7 | . . 3 4 . . . . . . . . . . Spaces Dug 23 | . . . 9 . . . . . . . 13 1 . Terrain Destroyed 474 | . . 67 81 1 . 90 . 52 . 100 66 14 3 Melee 1 | . . . . . . . . . . . . 1 . Projectile 47 | . . . . 1 . 1 . 2 . 4 34 2 3 AOE 426 | . . 67 81 . . 89 . 50 . 96 32 11 . Terrain Rammed . | . . . . . . . . . . . . . . Walls Destroyed . | . . . . . . . . . . . . . . Machines Disabled . | . . . . . . . . . . . . . . Actions | -11 -10 -10 -10 -9 -7 -7 -7 -6 -5 -4 -4 -3 -2 --------- Run | Jun Mat Min Sub Rec Fac Was Fac Fac Fac Fac Ext Res Res Total 8919 | 58 67 417 529 293 468 184 1314 1235 1161 323 854 698 1318 Wait 2072 | 7 12 26 16 22 296 40 308 235 217 109 234 322 228 Move 6302 | 42 54 366 476 149 158 116 944 963 921 201 562 333 1017 Hop 5 | . . . . . . . . 4 1 . . . . Pick Up 60 | 3 . 6 12 2 2 1 7 5 5 2 3 1 11 Fast Attach 11 | 6 1 1 1 . . . . . 1 . 1 . . Attach 32 | . . 2 3 3 2 . 1 2 2 4 1 4 8 Detach 5 | . . . 2 1 . . . . . 1 . . 1 Swap 12 | . . 1 4 1 . 1 1 1 . . . 1 2 Drop 29 | . . . . 1 10 1 7 . 2 1 1 . 6 Fire 233 | . . 15 15 1 . 25 46 25 12 5 36 25 28 Melee 29 | . . . . . . . . . . . . 12 17 Ram . | . . . . . . . . . . . . . . Kick . | . . . . . . . . . . . . . . Crush . | . . . . . . . . . . . . . . Escape Stasis . | . . . . . . . . . . . . . . Rewire 129 | . . . . 113 . . . . . . 16 . . Trap . | . . . . . . . . . . . . . . Miscellaneous . | . . . . . . . . . . . . . . Route ------- -11/Junkyard -10/Materials -10/Mines (discovered 3 exits: *Mat x2 / [*Sub]) -10/Subcaves -9/Recycling -7/Factory -7/Waste -7/Factory -6/Factory (discovered 4 exits: *Fac x4) -5/Factory -4/Factory -4/Extension (discovered 2 exits: [*Res] / [*Cet]) -3/Research -2/Research (discovered 1 exit: [*Acc]) History --------- Turn | Location | Event 8 | -11/Junkyard | Discovered new exit (range 15) 59 | -11/Junkyard | Entered Materials 59 | -10/Materials | Discovered new exit (range 8) 124 | -10/Materials | Entered Mines 183 | -10/Mines | Identified exit to Materials 193 | -10/Mines | Received a Rocket Launcher from a helpful Derelict 248 | -10/Mines | Assembled infested the area 253 | -10/Mines | Assisted by a Guerilla fighting off Assembled 312 | -10/Mines | Build established: Mutant 316 | -10/Mines | Learned Materials emergency access door positions 416 | -10/Mines | Discovered exit to Materials (range 9) 417 | -10/Mines | Escorted by a lone wolf Derelict 542 | -10/Mines | Discovered new exit (range 13) 570 | -10/Mines | Entered Subcaves 570 | -10/Subcaves | Accompanied by 1 ally 603 | -10/Subcaves | Shifting Twisted Machinery released Multitool 604 | -10/Subcaves | Shifting Twisted Machinery released Multitool 804 | -10/Subcaves | Ambushed by Subdwellers from Twisted Machinery 851 | -10/Subcaves | Learned location of Zion (-7) 1215 | -10/Subcaves | A swath of the cavern ceiling suddenly collapsed 1362 | -10/Subcaves | Discovered new exit (range 15) 1389 | -10/Subcaves | Entered Recycling 1402 | -9/Recycling | Found Scrap Engine 1710 | -9/Recycling | Discovered new exit (range 6) 1729 | -9/Recycling | Entered Factory 1729 | -7/Factory | Accompanied by 12 allies 1729 | -7/Factory | Evolved 6 slots: Propulsion x2, Utility x2, Weapon x2 1899 | -7/Factory | Build established: Commander-Mutant 2301 | -7/Factory | Sucked down chute 2301 | -7/Factory | Entered Waste 2345 | -7/Waste | Spotted C-40 Crusher 2363 | -7/Waste | Destroyed C-40 Crusher 2383 | -7/Waste | Spotted C-40 Crusher 2393 | -7/Waste | Spotted C-40 Crusher 2402 | -7/Waste | Spotted C-40 Crusher 2420 | -7/Waste | Destroyed C-40 Crusher 2423 | -7/Waste | Destroyed C-40 Crusher 2440 | -7/Waste | Destroyed C-40 Crusher 2448 | -7/Waste | Spotted C-40 Crusher 2456 | -7/Waste | Spotted C-40 Crusher 2480 | -7/Waste | Crushed by Compactor (1 part destroyed, 1 dropped) 2485 | -7/Waste | 11 allies followed down the chute 2486 | -7/Waste | Crushed by Compactor (0 parts destroyed, 1 dropped) 2574 | -7/Waste | Discovered new exit (range 10) 2602 | -7/Waste | Entered Factory 2784 | -7/Factory | Build established: Construct 4633 | -7/Factory | Discovered new exit (range 15) 4642 | -7/Factory | Entered another Factory area 4642 | -6/Factory | Evolved 2 slots: Propulsion x1, Utility x1 4752 | -6/Factory | Identified exit to Factory 4763 | -6/Factory | Identified exit to DSF 4812 | -6/Factory | Spotted B-75 Beast 4974 | -6/Factory | Garrison activated, responded to threat 5372 | -6/Factory | Entered another Factory area 5372 | -5/Factory | Evolved 2 slots: Propulsion x1, Utility x1 5609 | -5/Factory | Garrison activated, responded to threat 5661 | -5/Factory | Build established: Hacker-Construct 5975 | -5/Factory | Discovered new exit (range 7) 6022 | -5/Factory | Entered another Factory area 6022 | -4/Factory | Evolved 2 slots: Utility x2 6235 | -4/Factory | Discovered new exit (range 5) 6237 | -4/Factory | Entered Extension 6335 | -4/Extension | Rescued a captive Derelict 6357 | -4/Extension | Energy Cycler disabled 6357 | -4/Extension | Rescued a captive Derelict 6357 | -4/Extension | Rescued a captive Derelict 6358 | -4/Extension | Rescued a captive Derelict 6358 | -4/Extension | Rescued a captive Derelict 6360 | -4/Extension | Rescued a captive Derelict 6360 | -4/Extension | Rescued a captive Derelict 6360 | -4/Extension | Rescued a captive Derelict 6360 | -4/Extension | Rescued a captive Derelict 6360 | -4/Extension | Rescued a captive Derelict 6362 | -4/Extension | Rescued a captive Derelict 6362 | -4/Extension | Rescued a captive Derelict 6367 | -4/Extension | Rescued a captive Derelict 6783 | -4/Extension | Discovered new exit (range 10) 6784 | -4/Extension | Discovered new exit (range 6) 6812 | -4/Extension | Entered Research 6812 | -3/Research | Accompanied by 9 allies 6812 | -3/Research | Evolved 2 slots: Power x1, Utility x1 7062 | -3/Research | First assault squad dispatched 7142 | -3/Research | Build established: Construct 7275 | -3/Research | Lost 3 parts (3w) 7332 | -3/Research | Garrison activated, responded to threat 7346 | -3/Research | Discovered new exit (range 11) 7366 | -3/Research | Entered another Research area 7366 | -2/Research | Evolved 2 slots: Propulsion x2 7372 | -2/Research | Lost 4 parts (2u2w) 7504 | -2/Research | Found Prototype Slashing Weapon 7507 | -2/Research | Found Prototype Slashing Weapon 7510 | -2/Research | Lost 3 parts (1n2u) 7510 | -2/Research | Found Prototype Slashing Weapon 7797 | -2/Research | Build established: Hacker-Construct 8079 | -2/Research | Identified Centrium Greatsword (x3) 8117 | -2/Research | Lost 7 parts (2p2u3w) 8466 | -2/Research | Spotted B-90 Cyclops 8501 | -2/Research | Spotted B-90 Cyclops 8503 | -2/Research | Discovered new exit (range 15) 8506 | -2/Research | Self-destructed Last Messages --------------- 08475_ Arm. Scrap Engine damaged due to network destabilization (-7). 08477_ Centrium Greatsword destroyed. 08477_ Arm. Scrap Engine destroyed. 08477_ Scrap Engine core remains intact and functional. 08487_ Slug penetrates Wall. 08493_ Acquired Prototype Treads. 08494_ Penetrated by Slug. 08495_ Acquired Prototype Treads. 08497_ Slug penetrates S-43 Plague. 08497_ S-43 Plague destroyed. 08497_ Penetrated by Slug. 08498_ Acquired Prototype Treads. 08499_ K-01 Serf collects debris. 08499_ Penetrated by Slug. 08499_ Scrap Engine destroyed. 08500_ P-80 Master resets H-88 Terminator, system corruption cleaned. 08503_ Penetrated by Slug. 08503_ ALERT: Suspicious intruders detected, dispatching Cutter reinforcements to area. 08503_ EXIT=FOUND Map ----- +----------------------------------------------------+ | ????????????????????????????????????????????# # | | ????????????????????????????????????????????# # | | ????????????????????????????????????????????# # | | ????????????????????????????????????????????# # | | ????????????????????????????????????????????# #? | | ????????????????????????????????????????????# #### | | ????????????????????????????????????????????# | | ????????????????????????????????????????????# | | ????????????????????????????????????????????# | | ????????????????????????????????????????????# | | ????????????????????????????????????????????# | | ????????????????????? ????######????????????#### | | ?????????????????????# ???# +???????????????# | | ?????????????????????# #### #???????????????# | | ?????????????????????# # # #??????????????# | | ?????????????????????# # # #??????????????# | | ?????????????????????# BB #?????????????## | | ?????????????????????# BB +????????????? | | ?????????????????????# #?????????????# | | ?????????????????????# !u #?????????????# | | ?????????????????????# ! #?????????????# | | ???????????#####+##### #?????????????# | | ??????????? #?????????????# | | ?????????? ############### | | ?????????? c p | | ?????????? @c s | | ??????????????###### c *%= | | ???????????????????# "" =""""" | | ???????????????????# ""T""" s """"" | | ???????????????????# """"" """"" | | ???????????????????# | | ???????????????????# | | ???????????????????+ | | ???????????????????# ####### | | ???????????????????# #?????# | | ???????????????????# ?? #?????# | | ??????????????????????? ?????############# | | ????????????????????????? H?????????????????? | | ??????????????????????????? ??????????????????? | | ????????????????????????????? ??????????????????? | | ?????????????????????????????????????????????????? | | ?????????????????????????????????????????????????? | | ?????????????????????????????????????????????????? | | ?????????????????????????????????????????????????? | | | | | | | | | | | | | +----------------------------------------------------+ Best States ------------- Heat Dissipation 125 Energy Generation 61 Energy Capacity 536 Matter Stores 300 Matter Capacity 300 Sight Range 16 Robot Scan Range 15 Terrain Scan Density 10 Armor Coverage 600 Core Shielding 20 Evasion (%) 66 Target Analysis 8 Recoil Reduction 5 Salvage Targeting 3 Offensive Hacking 20 Defensive Hacking 22 Item Schematics ----------------- None Robot Schematics ------------------ None Fabricated ------------ Nothing Alien Tech Used ----------------- None Achievements -------------- None Challenges ------------ None Game ------ Seed MachineThiefOptics Manual? 0 Play Time 01:14:08 Cumulative 208.5 hours Start 2023.11.09 @ 08:11:31 End 2023.11.09 @ 09:19:46 Sessions 1 Manual Loads 0 Difficulty Rogue Special Mode None Game No. 266 Rogue 222 Adventurer 4 Explorer 40 Win Type - Total 7 Types 6/1/0/0/0/0/0/0/0 Lore% 50 Gallery% 73 Achievement% 58 Wizard Run 0 Options --------- ASCII 0 Keyboard 0 Movement Mouse Keybinds 0 Fullscreen 1 Font 24/Smallcaps Map View 76x50 Tactical HUD 1 Map Filters NONE Filters NONE Steam 1 RUN: f17702dc-b6f5-4dde-a4d1-00c695f93888